Map: Kairos Junction LE

Players

JOE - Winner!

  • Race: Terran Terran
  • League: Gold
  • Spawn Location: 11:00

Mesrob

  • Race: Terran Terran
  • League: Platinum
  • Spawn Location: 5:00

VOD

Have the link to the VOD?

Description

Time

  • Played on: July 12, 2019, 1:03 a.m.
  • Length: 5:49
Show
View Real Time Build Order
Export as new Build Order

JOE Terran - Winner!

Build Orders:  

Get SALT Encoding   

  12  0:01  SCV  
  13  0:16  Supply Depot  
  13  0:19  SCV  
  14  0:31  SCV  
  15  0:40  Barracks  
  15  0:43  Refinery  
  15  0:46  SCV  
  16  0:58  SCV  
  17  1:10  SCV  
  18  1:16  Refinery  
  18  1:22  SCV  
  19  1:26  Supply Depot  
  19  1:27  Marine  
  20  1:35  Orbital Command  
  20  1:45  Marine  
  21  1:52  Factory  
  21  1:59  Supply Depot  
  21  2:04  SCV  
  21  2:07  Barracks Tech Lab  
  22  2:36  Marine  
  23  2:37  Factory Tech Lab  
  23  2:40  SCV  
  23  2:41  Starport  
  24  2:52  SCV  
  24  2:54  Marine  
  26  3:01  Bunker  
  26  3:12  Marine  
  27  3:18  Siege Tank, SCV  
  31  3:21  Viking  
  31  3:24  Supply Depot  
  33  3:29  Marine  
  33  3:30  SCV  
  32  3:42  SCV  
  32  3:47  Marine  
  34  3:51  Siege Tank  
  34  3:54  SCV  
  38  3:57  Viking  
  40  4:05  Marine  
  40  4:06  SCV  
  40  4:08  Barracks  
  41  4:18  SCV  
  41  4:23  Marine, Siege Tank  
  46  4:26  Supply Depot  
  46  4:35  SCV  
  47  4:47  Marine, Viking  
  47  4:48  Supply Depot  
  50  4:53  SCV  
  51  5:05  Marine  
  52  5:23  Marine  
Show
View Real Time Build Order
Export as new Build Order

Mesrob Terran 

Build Orders: Reaper Expand 

Get SALT Encoding   

  12  0:00  SCV  
  13  0:13  SCV  
  14  0:17  Supply Depot  
  14  0:25  SCV  
  15  0:39  Barracks, SCV  
  16  0:51  SCV  
  17  1:03  SCV  
  17  1:04  Refinery  
  18  1:11  Refinery  
  18  1:15  SCV  
  19  1:28  Orbital Command  
  19  1:45  Command Center  
  18  1:53  Reaper  
  19  1:57  SCV  
  20  2:12  Factory  
  20  2:35  Barracks Reactor  
  20  2:36  SCV  
  21  2:48  SCV  
  22  2:58  Hellion  
  23  3:21  Supply Depot  
  23  3:47  Factory  
  23  3:48  Supply Depot  
  23  3:54  Factory  
  23  3:57  Orbital Command  
  23  3:59  SCV  
  24  4:11  Supply Depot, SCV  
  25  4:23  SCV  
  25  4:24  Hellion x2  
  30  4:28  SCV  
  31  4:34  Factory Tech Lab  
  31  4:35  SCV  
  32  4:40  Factory Tech Lab, Supply Depot, SCV  
  33  4:46  Hellion x2  
  37  4:54  Armory  
  37  4:56  Cyclone  
  37  4:58  SCV  
  38  5:25  Hellion x2  
Tags
 
Matchup
TvT
Race
Terran
Replay Pack
sc2 replays
Spawn Locations
Cross Positions
Add a new tag
Caveats
  • Supply blocks, unpowered buildings, or Contaminate may cause inaccurate times.
  • Supply counts are checked every 10 seconds.